 Dungeon Crawl Stone Soup version 0.27-a0-887-gcab673c142 (webtiles) character file.

Game seed: 4502011751680340473

7 Hasart the Insei (level 1, -2/16 HPs)
             Began as a Demigod Transmuter on Apr 3, 2021.
             Slain by a jackal (3 damage)
             ... on level 1 of the Dungeon.
             The game lasted 00:00:57 (223 turns).

Hasart the Insei (Demigod Transmuter)                Turns: 223, Time: 00:00:57

Health: -2/16      AC:  2    Str: 11    XL:     1   Next: 66%
Magic:  3/5        EV: 12    Int: 15    God:
Gold:   5          SH:  0    Dex: 14    Spells: 2/3 levels left

rFire    . . .     SeeInvis .     - Unarmed
rCold    . . .     Faith    .   (no shield)
rNeg     . . .     Spirit   .   a - +0 robe
rPois    .         Reflect  .   (helmet currently unavailable)
rElec    .         Harm     .   (no cloak)
rCorr    .         Rampage  .   (no gloves)
Will     .....                  (boots currently unavailable)
Stlth    +.........             (no amulet)
HPRegen  0.05/turn              (no ring)
MPRegen  0.09/turn              (no ring)

@: appendages (expiring)
A: horns 2, talons 2, high mp 1, forlorn
a: End Transformation


You were on level 1 of the Dungeon.
You had temporarily grown beastly horns and talons.
You visited 1 branch of the dungeon, and saw 1 of its levels.

You collected 5 gold pieces.

Inventory:

Armour
 a - a +0 robe (worn)


   Skills:
 + Level 1.1 Fighting
 + Level 1.9 Dodging
 * Level 2.9 Unarmed Combat
 - Level 1.7 Spellcasting
 + Level 1.9 Transmutations


You had 2 spell levels left.
You knew the following spells:

 Your Spells              Type           Power      Damage    Failure   Level
a - Beastly Appendage     Tmut           14%        N/A       11%         1

Your spell library contained the following spells:

 Spells                   Type           Power      Damage    Failure   Level
 Wereblood                Tmut           7%         N/A       16%         2
 Spider Form              Tmut/Pois      2%         N/A       43%         3
 Ice Form                 Ice/Tmut       4%         N/A       83%         4
 Hydra Form               Tmut           3%         N/A       96%         5


Dungeon Overview and Level Annotations

Branches:
Dungeon (1/15)


Innate Abilities, Weirdness & Mutations

You have temporarily grown beastly horns and talons.
Your attributes grow dramatically as you level up.
You have an increased reservoir of magic. (+10% MP)
You shall have no god before yourself.


Message History

Unknown command.
Casting: Beastly Appendage (safe; 11% risk of failure)
Confirm with . or Enter, or press ? or * to list all spells.
You grow a pair of large bovine horns.
Your feet morph into talons.
The jackal barely misses you.
Casting: Beastly Appendage (safe; 11% risk of failure)
Press: ? - help, Q - select action Dir - look around, f - activate You extend your transformation's duration.
The jackal bites you. The jackal misses you.
You barely miss the jackal. Your kick misses the jackal.
The jackal is severely wounded.
The jackal closely misses you.
Unknown command.
You barely miss the jackal. Your kick misses the jackal.
The jackal is heavily wounded.
The jackal bites you.
* * * LOW HITPOINT WARNING * * *
Unknown command.
You barely miss the jackal. Your headbutt misses the jackal.
The jackal is heavily wounded.
The jackal barely misses you. The jackal bites you.
* * * LOW HITPOINT WARNING * * *
Unknown command.
You hit the jackal. Your kick misses the jackal.
Your headbutt misses the jackal.
The jackal is almost dead.
The jackal misses you.
Unknown command.
You hit the jackal but do no damage. You claw the jackal.
You kill the jackal!
The bat barely misses you.
Unknown command.
You hit the jackal but do no damage. Your kick misses the jackal.
Your transformation is almost over.
The jackal bites you.
* * * LOW HITPOINT WARNING * * *
Unknown command.
You hit the jackal but do no damage. Your headbutt misses the jackal.
The jackal bites you.
You die...

#D#.#D# ###.#####
#D#...#^#
#####.### #D#.#D#
# ###.### ### ##.#
#...#####.. ...).
+.>.'..##.##.._...
#...##@##hh.h.....
######h##.##......
#d#..b)...#.##...
..###............
.
.................
.#...#..##.##.....
#...#.###.......#
#.. #. ####.####
#.. #. #


You could see an ice dragon, a jackal and a bat.

Vanquished Creatures
  A bat (D:1)
  2 jackals (D:1)
  2 kobolds (D:1)
5 creatures vanquished.

Notes
Turn   | Place    | Note
-------+----------+-------------------------------------------
     0 | D:1      | Hasart the Demigod Transmuter began the quest for the Orb.
     0 | D:1      | Reached XP level 1. HP: 15/15 MP: 5/5
     0 | D:1      | Noticed a purple draconian
     0 | D:1      | Noticed a red draconian
     3 | D:1      | Noticed a large abomination
     7 | D:1      | Noticed an iron dragon
     8 | D:1      | Noticed a tentacled monstrosity
    11 | D:1      | Noticed an orb of fire
    13 | D:1      | Noticed an iron dragon
    15 | D:1      | Noticed a large abomination
    15 | D:1      | Noticed an ice dragon
    17 | D:1      | Noticed an ice dragon
    17 | D:1      | Noticed a shadow dragon
    19 | D:1      | Noticed an iron dragon
    19 | D:1      | Noticed an iron dragon
    21 | D:1      | Noticed a white draconian
    36 | D:1      | Reached skill level 1 in Fighting
   223 | D:1      | Slain by a jackal

Illustrated notes

Levels and vault maps discovered:
D:1:      shiori_arrival_whats_in_store_for_you, layout_loops_cross,
          basic_ecumenical_altar, serial_shops, shop, nicolae_shop_behind_doors

Skill      XL: |  1 |
---------------+----+-----
Fighting       | 1 |  1.1
Dodging        | |  1.9
Unarmed Combat | |  2.9
Spellcasting   | |  1.7
Transmutations | |  1.9

Action                   || total
-------------------------++-------
Melee: Unarmed           ||    26
       Kick              ||     1
 Cast: Beastly Appendage ||     2
 Stab: Sleeping          ||     1
Armor: Robe              ||     6
Dodge: Dodged            ||    20

Table legend: (Time is in decaauts)
 A = Elapsed time spent in this place.
 B = Non-inter-level travel time spent in this place.
 C = Inter-level travel time spent in this place.
 D = Time resting spent in this place.
 E = Time spent auto-exploring this place.
 F = Levels seen in this place.
 G = Mean time per level.
                   A        B        C        D        E       F      G
               +--------+--------+--------+--------+--------+-----+--------+
         Total |    222 |    222 |      0 |      0 |    179 |   1 |  222.0 |
       Dungeon |    222 |    222 |      0 |      0 |    179 |   1 |  222.0 |
               +--------+--------+--------+--------+--------+-----+--------+

Top non-repeatable levels by time:
     D:1: 222 daAuts
